 Dungeon Crawl Stone Soup version 0.28.0-45-g0d030f2227 (webtiles) character file.

Game seed: 14186580357117035520

55 issech the Cudgeller (level 3, -3/36 HPs)
             Began as a Troll Monk on Apr 24, 2022.
             Succumbed to a gnoll's poison
             ... on level 2 of the Dungeon.
             The game lasted 00:04:49 (1091 turns).

issech the Cudgeller (Troll Monk)                   Turns: 1091, Time: 00:04:49

Health: -3/36      AC:  4    Str: 19    XL:     3   Next: 67%
Magic:  2/2        EV: 10    Int:  6    God:
Gold:   108        SH:  0    Dex: 14    Spells: 2/2 levels left

rFire   . . .      SeeInvis .   a - +0 mace
rCold   . . .      Faith    .   (no shield)
rNeg    . . .      Spirit   .   b - +0 robe
rPois   .          Reflect  .   (helmet restricted)
rElec   .          Harm     .   (no cloak)
rCorr   .          Rampage  .   (gloves unavailable)
Will    .....                   (boots unavailable)
Stlth   ++........              (no amulet)
HPRegen 0.92/turn               (no ring)
MPRegen 0.08/turn               (no ring)

@: lethally poisoned (-3 -> -20)
A: large, unfitting armour, claws 3, regeneration 1, shaggy fur 1, tough skin 1
a: no special abilities


You were on level 2 of the Dungeon.
You visited 1 branch of the dungeon, and saw 2 of its levels.

You collected 108 gold pieces.

Inventory:

Hand Weapons
 a - a +0 mace (weapon)
 l - a +0 short sword of flaming
Missiles
 c - 3 boomerangs (quivered)
 f - 121 stones
 j - 4 poisoned darts
 k - 42 sling bullets
Armour
 b - a +0 robe (worn)
Scrolls
 e - 2 scrolls of fear {unknown}
 h - a scroll of immolation {unknown}
 m - a scroll of identify {unknown}
Potions
 d - 2 potions of lignification {unknown}
 g - a potion of cancellation {unknown}
 i - 2 potions of invisibility {unknown}


   Skills:
 + Level 2.8 Fighting
 + Level 3.2 Maces & Flails
 + Level 0.2 Throwing
 + Level 2.9 Dodging
 + Level 1.1 Stealth


You had 2 spell levels left.
You didn't know any spells.
Your spell library contained the following spells:

 Spells                   Type           Power      Damage    Failure   Level
 Frozen Ramparts          Ice            0%         1d2       83%         3
 Ice Form                 Ice/Tmut       0%         N/A       99%         4
 Summon Ice Beast         Ice/Summ       0%         N/A       99%         4


Dungeon Overview and Level Annotations

Branches:
Dungeon (2/15)

Altars:

Annotations:
D:2 1 runed translucent door, Crazy Yiuf


Innate Abilities, Weirdness & Mutations

You are too large for most types of armour.
You have claws for hands.
Your natural rate of healing is unusually fast.
You are covered in fur. (AC +1)
You have tough skin. (AC +1)


Message History

You hit the gnoll.
You kill the gnoll!
You completely miss the endoplasm. The endoplasm freezes you.
You are frozen.
The orc wizard mumbles some strange words.
The orc wizard flickers and vanishes!
Deactivating autopickup; reactivate with Ctrl-A.
The endoplasm freezes you.
You are frozen.
You hit the endoplasm.
The endoplasm is almost dead.
The endoplasm freezes you.
You are frozen.
You hit the endoplasm.
You kill the endoplasm!
The orc priest begins to cast a cantrip, but forgets the words!
You hit the gnoll.
The gnoll is moderately wounded.
The gnoll closely misses you.
The gnoll hits you from afar with a +1 spear of venom.
You are poisoned.
You hit the gnoll.
The gnoll is severely wounded.
You feel sick. The gnoll hits you with a +0 club.
The gnoll hits you from afar with a +1 spear of venom.
You are more poisoned.
You hit the gnoll.
The gnoll is severely wounded.
You feel very sick. The gnoll hits you with a +0 club.
The gnoll hits you from afar with a +1 spear of venom.
You are lethally poisoned!
The gnoll barely misses you.
The gnoll hits you from afar with a +1 spear of venom.
* * * LOW HITPOINT WARNING * * *
You are more poisoned.
* * * LOW HITPOINT WARNING * * *
You feel extremely sick.
You die...

#..# ...#..#.#.#
#..# #####.#..#.#.##
#..###[.............
#.......>...........
#.........)...#.....
######.########<....
#.##.# #..... #....#
#..... #@#### ##....
#.# #.... #g# #....
#g# ....# ###.#####
#.og....# #..o..g.#
#.......#
#.....og...


You could see an orc priest, 3 gnolls and an orc.

Vanquished Creatures
  An adder (D:1)
  A gnoll (D:2)
  3 orcs (D:2)
  4 bats
  3 endoplasms
  4 goblins
  2 hobgoblins (D:1)
  5 ball pythons
  A frilled lizard (D:1)
  2 kobolds
  7 rats
33 creatures vanquished.

Vanquished Creatures (others)
  22 plants (D:1)
  2 toadstools (D:1)
24 creatures vanquished.

Grand Total: 57 creatures vanquished

Notes
Turn   | Place    | Note
-------+----------+-------------------------------------------
     0 | D:1      | issech the Troll Monk began the quest for the Orb.
     0 | D:1      | Reached XP level 1. HP: 22/22 MP: 0/0
    89 | D:1      | Reached XP level 2. HP: 29/29 MP: 1/1
   282 | D:1      | Found a faded altar of an unknown god.
   694 | D:1      | Reached skill level 3 in Maces & Flails
   694 | D:1      | Reached XP level 3. HP: 32/36 MP: 2/2
   937 | D:2      | Found a runed translucent door.
   938 | D:2      | Noticed Crazy Yiuf
  1091 | D:2      | Succumbed to a gnoll's poison

Illustrated notes

Levels and vault maps discovered:
D:1:      roderic_crop_circles_arrival_small, layout_rooms,
          chequers_ecumenical_altar_island, minmay_gold_behind_fungi
D:2:      layout_basic, uniq_crazy_yiuf_cottage, uniq_jessica

Skill      XL: |  1  2 |
---------------+-------+-----
Maces & Flails | 3 |  3.2
Fighting       | |  2.8
Throwing       | |  0.2
Dodging        | |  2.9
Stealth        | |  1.1

Action                   || total
-------------------------++-------
Melee: Mace              ||   101
       Punch             ||     2
Throw: Boomerang         ||    13
Armor: Robe              ||    33
Dodge: Dodged            ||    72
